 Dungeon Crawl Stone Soup version 0.22.0-6-g71bd7aa (webtiles) character file.

387 digijack the Gusty (level 6, 0/41 HPs)
             Began as a Demonspawn Air Elementalist on Aug 15, 2018.
             Was a Follower of Sif Muna.
             Engulfed by a fire crab's flame (19 damage)
             ... created by the adversity of Qazlal
             ... on level 3 of the Dungeon.
             The game lasted 00:37:02 (4485 turns).

digijack the Gusty (Demonspawn Air Elementalist)    Turns: 4485, Time: 00:37:03

Health: 0/41       AC: 10    Str:  9    XL:     6   Next: 49%
Magic:  10/11      EV: 13    Int: 18    God:    Sif Muna [*.....]
Gold:   103        SH:  0    Dex: 13    Spells: 11/12 levels left

rFire    x x .     SeeInvis +   g - +1 hunting sling (freeze)
rCold    . . .     Gourm    .   (no shield)
rNeg     . . .     Faith    .   a - +0 robe
rPois    .         Spirit   .   m - +0 helmet
rElec    .         Reflect  .   n - +0 cloak
rCorr    .         Harm     .   (no gloves)
MR       .....                  (no boots)
Stlth    ++........             (no amulet)
HPRegen  0.13/turn              b - ring of see invisible
MPRegen  0.12/turn              (no ring)

@: sanguine armour
A: hooves 1, [heat vulnerability 2], rot immunity, sanguine armour 1
a: Divine Energy, Renounce Religion


You were on level 3 of the Dungeon.
You worshipped Sif Muna.
Sif Muna was aware of your devotion.
You were not hungry.

You visited 1 branch of the dungeon, and saw 3 of its levels.

You collected 103 gold pieces.

Inventory:

Hand Weapons
 g - a +1 hunting sling of freezing (weapon)
Missiles
 d - 174 stones
 i - 14 sling bullets (quivered)
Armour
 a - a +0 robe (worn)
 m - a +0 helmet (worn)
 n - a +0 cloak (worn)
Jewellery
 b - a ring of see invisible (left hand)
Wands
 j - a wand of flame (21)
Scrolls
 e - 2 scrolls of identify
Potions
 f - a potion of agility
 h - a potion of heal wounds
 l - a potion of lignification {unknown}
Comestibles
 c - 8 rations
 k - 11 chunks of flesh


   Skills:
 - Level 0.2 Fighting
 + Level 1.6 Throwing
 + Level 3.0 Dodging
 - Level 1.7 Stealth
 * Level 3.7 Spellcasting
 + Level 2.7 Conjurations
 * Level 4.1 Air Magic


You had 11 spell levels left.
You knew the following spells:

 Your Spells              Type           Power        Failure   Level  Hunger
a - Shock                 Conj/Air       ###.         3%          1    None

Your spell library contained the following spells:

 Spells                   Type           Power        Failure   Level  Hunger
 Lightning Bolt           Conj/Air       ###.......   71%         5    ######.
 Swiftness                Chrm/Air       ##......     10%         2    ##.....
 Airstrike                Air            ###.......   28%         4    ####...
 Static Discharge         Conj/Air       ###.....     11%         3    ###....


Dungeon Overview and Level Annotations

Branches:
Dungeon (3/15)

Altars:
Qazlal
Ru
Sif Muna
Uskayaw


Innate Abilities, Weirdness & Mutations

You have large cloven feet.
You are immune to rotting.
When seriously injured, your bleeding wounds create armour. (AC +6)
[You are very vulnerable to heat. (rF--)]


Message History

k - 26 chunks of flesh (gained 4)
Things that are here:
a quarterstaff of chaos; a cloak
n - a cloak You start putting on your armour.
You continue putting on your cloak. x3
Your blood armour dries and flakes away.
You continue putting on your cloak.
You finish putting on your +0 cloak.
You start resting.
Some of the chunks of flesh in your inventory have rotted away. x2
Qazlal incites the elements against you!
A fire crab and a water elemental come into view.
Press: ? - help, v - describe, . - travel An open door.
The fire crab moves out of view.
The fire crab breathes flames at you. The blast of flame engulfs you!
The fire burns you terribly!
Your blood congeals into armour.
You are engulfed in blazing flames.
You die...

.......#####.###).......###.♣.♣≈≈
.............##..##..... ....♣≈≈≈
.......########.....#######....♣≈
#'###..# #.......# #.P..≈≈ #.#
#..# ####..### #.#.... #.###..#
#.§§§# #.#.P.. ._###.## #§§§§#
#.... #.###.## #§§§## #.#.. #.#
#..###### ##@## #.##.
#'###.......# #§## #<##.
..........### ##§# #....
.........)..# #§## ####.
............# ##§# #.
............# #t# ..
##..........# .E. .# #...#####..#
#...# . #...# #### #..)# ##


There were no monsters in sight!

Vanquished Creatures
  Crazy Yiuf (D:3)
  An orc wizard (D:3)
  An iguana (D:3)
  Jessica (D:3)
  Natasha (thrice) (D:3)
  Robin (D:3)
  8 adders
  3 oozes
  3 worms
  2 leopard geckos
  2 orcs (D:3)
  2 ball pythons
  4 bats
  5 giant cockroaches
  28 goblins
  11 hobgoblins
  5 kobolds
  2 quokkas (D:3)
  7 frilled lizards
  8 rats
98 creatures vanquished.

Vanquished Creatures (others)
  A kobold (D:2)
1 creature vanquished.

Grand Total: 99 creatures vanquished

Notes
Turn   | Place    | Note
-------+----------+-------------------------------------------
     0 | D:1      | digijack the Demonspawn Air Elementalist began the quest for the Orb.
     0 | D:1      | Reached XP level 1. HP: 13/13 MP: 3/3
   452 | D:1      | Gained mutation: When seriously injured, your bleeding wounds create armour. (AC +6) [demonic ancestry]
   452 | D:1      | Reached XP level 2. HP: 19/19 MP: 3/5
  1089 | D:1      | Reached skill level 3 in Air Magic
  1224 | D:1      | Reached XP level 3. HP: 24/24 MP: 4/6
  2002 | D:2      | Reached XP level 4. HP: 20/30 MP: 0/7
  2201 | D:2      | Found a stormy altar of Qazlal.
  2210 | D:2      | Became a worshipper of Qazlal Stormbringer
  2465 | D:2      | Found a deep blue altar of Sif Muna.
  2468 | D:2      | Fell from the grace of Qazlal
  2468 | D:2      | Became a worshipper of Sif Muna the Loreminder
  2620 | D:3      | Noticed Natasha
  2637 | D:3      | Killed Natasha
  2903 | D:3      | Reached skill level 1 in Throwing
  2906 | D:3      | Gained mutation: You are immune to rotting. [demonic ancestry]
  2906 | D:3      | Reached XP level 5. HP: 23/35 MP: 5/9
  3069 | D:3      | Noticed Natasha
  3085 | D:3      | Killed Natasha
  3254 | D:3      | Found a hide-covered altar of Uskayaw.
  3540 | D:3      | Noticed Natasha
  3550 | D:3      | Killed Natasha
  3582 | D:3      | Noticed Jessica
  3586 | D:3      | Killed Jessica
  3586 | D:3      | Gained mutation: You have large cloven feet. [demonic ancestry]
  3586 | D:3      | Reached XP level 6. HP: 34/41 MP: 2/11
  3991 | D:3      | Found a sacrificial altar of Ru.
  4003 | D:3      | Reached skill level 4 in Air Magic
  4229 | D:3      | Noticed Robin
  4234 | D:3      | Killed Robin
  4238 | D:3      | Reached * piety under Sif Muna
  4437 | D:3      | Found a runed door.
  4441 | D:3      | Noticed Crazy Yiuf
  4448 | D:3      | Killed Crazy Yiuf
  4482 | D:3      | Noticed a water elemental
  4482 | D:3      | Noticed a fire crab
  4485 | D:3      | Engulfed by a fire crab's flame

Skill      XL: |  1  2  3  4  5  6 |
---------------+-------------------+-----
Dodging        | 2 3 |  3.0
Air Magic      | 3 4 |  4.1
Conjurations   | 2 |  2.7
Throwing       | 1 |  1.6
Spellcasting   | 3 |  3.7
Fighting       | |  0.2
Stealth        | |  1.7

Action                   |  1- 3 |  4- 6 || total
-------------------------+-------+-------++-------
Melee: Unarmed           |     2 |       ||     2
       Dagger            |    18 |       ||    18
 Fire: Hunting sling     |     9 |    21 ||    30
Throw: Stone             |    10 |       ||    10
 Cast: Shock             |    88 |   136 ||   224
  Use: Potion            |     3 |     3 ||     6
       Scroll            |     3 |     1 ||     4
  Eat: Chunk             |     4 |     8 ||    12
Armor: Robe              |    18 |     9 ||    27
Dodge: Dodged            |    52 |    34 ||    86
